 Dungeon Crawl Stone Soup version 0.30-a0-377-g5cb311bc9f (webtiles) character file.

Game seed: 13074153195281910329

175 PyroL the Grave Robber (level 5, -1/35 HPs)
             Began as a Demonspawn Necromancer on Nov 29, 2022.
             Slain by a worm (9 damage)
             ... while paralysed by Grinder
             ... on level 3 of the Dungeon.
             The game lasted 00:05:37 (1885 turns).

PyroL the Grave Robber (Demonspawn Necromancer)     Turns: 1885, Time: 00:05:38

Health: -1/35      AC:  3    Str:  8    XL:     5   Next: 29%
Magic:  10/10      EV:  2    Int: 18    God:
Gold:   51         SH:  0    Dex: 14    Spells: 3/11 levels left

rFire   . . .      SeeInvis .    e - +0 club
rCold   . . .      Faith    .    (no shield)
rNeg    . . .      Spirit   .    a - +0 robe
rPois   .          Reflect  +    (helmet restricted)
rElec   .          Harm     .    j - +0 cloak
rCorr   .          Rampage  .    (no gloves)
Will    .....                    (no boots)
Stlth   ++........               k - amulet of reflection
HPRegen 0.25/turn                (no ring)
MPRegen 0.12/turn                (no ring)

@: paralysed
A: horns 1, sturdy frame 1
a: no special abilities


You were on level 3 of the Dungeon.
You visited 1 branch of the dungeon, and saw 3 of its levels.

You collected 51 gold pieces.

Inventory:

Hand Weapons
 e - a +0 club (weapon)
Armour
 a - a +0 robe (worn)
 j - a +0 cloak (worn)
Jewellery
 c - an amulet of faith
 k - an amulet of reflection (around neck)
Scrolls
 d - 2 scrolls of identify {unknown}
 f - 6 scrolls of teleportation {unknown}
 i - a scroll of fear {unknown}
Potions
 b - a potion of magic
 h - a potion of degeneration {unknown}


   Skills:
 - Level 1.7 Dodging
 - Level 1.7 Stealth
 + Level 3.9 Spellcasting
 + Level 6.0 Necromancy


You had 3 spell levels left.
You knew the following spells:

 Your Spells              Type           Power      Damage    Failure   Level
a - Necrotise             Necr           100%       1d9       1%          1
b - Vampiric Draining     Necr           25%        2d7       3%          3
c - Animate Dead          Necr           25%        N/A       12%         4

Your spell library contained the following spells:

 Spells                   Type           Power      Damage    Failure   Level
 Call Canine Familiar     Summ           3%         N/A       41%         3
 Portal Projectile        Hex/Tloc       6%         N/A       41%         3
 Agony                    Necr           25%        N/A       34%         5
 Leda's Liquefaction      Hex/Erth       1%         N/A       83%         4


Dungeon Overview and Level Annotations

Branches:
Dungeon (3/15)

Altars:

Annotations:
D:3 Grinder


Innate Abilities, Weirdness & Mutations

You have a pair of small horns on your head.
Your movements are slightly less encumbered by armour. (ER -2)


Message History

Okay, then.
You swap places.
A worm comes into view.
Your frilled lizard skeleton barely misses Grinder.
Grinder gestures at you.
You suddenly lose the ability to move!
Your frilled lizard skeleton bites Grinder but does no damage.
You can move again.
You hit Grinder but do no damage. You block Grinder's attack.
You hit Grinder but do no damage. You headbutt Grinder, but do no damage.
Grinder hits you.
You writhe in agony.
Your frilled lizard skeleton closely misses Grinder.
You hit Grinder.
Grinder is lightly wounded.
Grinder gestures at you. Pain shoots through your body!
Your frilled lizard skeleton bites Grinder but does no damage.
Grinder closely misses you.
You barely miss Grinder. You headbutt Grinder, but do no damage.
Your frilled lizard skeleton closely misses Grinder.
You block Grinder's attack.
The worm bites your frilled lizard skeleton!
Your frilled lizard skeleton is destroyed!
You completely miss Grinder. You headbutt Grinder.
Grinder is lightly wounded.
Grinder closely misses you.
Sorry, you're not good enough to have a special ability.
You hit Grinder.
Grinder is lightly wounded.
Grinder misses you. Grinder completely misses you.
You barely miss Grinder.
Grinder is lightly wounded.
Grinder gestures at you.
You suddenly lose the ability to move!
Grinder hits you!
* * * LOW HITPOINT WARNING * * *
You writhe in agony.
* * * LOW HITPOINT WARNING * * *
The worm bites you!
You die...

...... #...#
#####...# .
#5.....##....
#.##.........
#.##.########
#.##.# #..w5#
#######@#
#.......#
#.####..#
##.####..####..
.....#........
#.##.#........
#†##.#)####...
#....†.# ..
##.....## .


You could see Grinder and a worm.

Vanquished Creatures
  Natasha (thrice) (D:2)
  2 adders (D:2)
  A worm (D:2)
  A dart slug (D:3)
  An orc (D:3)
  7 bats
  5 endoplasms (D:1)
  3 giant cockroaches
  4 goblins
  5 hobgoblins
  8 jackals
  2 kobolds (D:1)
  2 quokkas (D:3)
  6 frilled lizards
  3 rats (D:1)
53 creatures vanquished.

Vanquished Creatures (collateral kills)
  2 adders (D:3)
  2 endoplasms (D:1)
  A goblin (D:1)
  A rat (D:1)
6 creatures vanquished.

Grand Total: 59 creatures vanquished

Notes
Turn   | Place    | Note
-------+----------+-------------------------------------------
     0 | D:1      | PyroL the Demonspawn Necromancer began the quest for the
                  | Orb.
     0 | D:1      | Reached XP level 1. HP: 13/13 MP: 3/3
   120 | D:1      | Gained mutation: Your movements are slightly less
                  | encumbered by armour. (ER -2) [demonic ancestry]
   120 | D:1      | Reached XP level 2. HP: 19/19 MP: 1/5
   664 | D:1      | Reached XP level 3. HP: 19/24 MP: 1/7
   669 | D:1      | Reached skill level 5 in Necromancy
   673 | D:1      | Learned a level 3 spell: Vampiric Draining
  1016 | D:2      | Noticed Natasha
  1023 | D:2      | Killed Natasha
  1024 | D:2      | Reached XP level 4. HP: 30/30 MP: 3/8
  1029 | D:2      | Learned a level 4 spell: Animate Dead
  1454 | D:2      | Noticed Natasha
  1460 | D:2      | Killed Natasha
  1527 | D:2      | Noticed Natasha
  1535 | D:2      | Killed Natasha
  1536 | D:2      | Gained mutation: You have a pair of small horns on your
                  | head. [demonic ancestry]
  1536 | D:2      | Reached XP level 5. HP: 35/35 MP: 6/10
  1793 | D:3      | Reached skill level 6 in Necromancy
  1855 | D:3      | Noticed Grinder
  1874 | D:3      | Paralysed by Grinder for 4 turns
  1884 | D:3      | Paralysed by Grinder for 2 turns
  1885 | D:3      | Slain by a worm

Illustrated notes

Levels and vault maps discovered:
D:1:      matt_arrival_refuge, layout_rooms
D:2:      layout_basic, uniq_natasha
D:3:      layout_loops_cross, gammafunk_ghost_split, serial_bayou_pond_d,
          feat_on_display, uniq_grinder

Skill      XL: |  1  2  3  4  5 |
---------------+----------------+-----
Necromancy     | 5 6 |  6.0
Spellcasting   | 3 |  3.9
Dodging        | |  1.7
Stealth        | |  1.7

Action                   |  1- 3 |  4- 6 || total
-------------------------+-------+-------++-------
Melee: Unarmed           |     1 |       ||     1
       Club              |    50 |    65 ||   115
       Punch             |     1 |       ||     1
       Headbutt          |       |     4 ||     4
 Cast: Necrotise         |    50 |    35 ||    85
  Use: Potion            |       |     2 ||     2
 Stab: Sleeping          |       |     1 ||     1
Armor: Robe              |    24 |    22 ||    46
Dodge: Dodged            |    48 |    70 ||   118
Block: Other             |    18 |    26 ||    44

Table legend: (Time is in decaauts)
 A = Elapsed time spent in this place.
 B = Non-inter-level travel time spent in this place.
 C = Inter-level travel time spent in this place.
 D = Time resting spent in this place.
 E = Time spent auto-exploring this place.
 F = Levels seen in this place.
 G = Mean time per level.
                   A        B        C        D        E       F      G
               +--------+--------+--------+--------+--------+-----+--------+
         Total |   1918 |   1887 |     31 |    188 |   1230 |   3 |  639.3 |
       Dungeon |   1918 |   1887 |     31 |    188 |   1230 |   3 |  639.3 |
               +--------+--------+--------+--------+--------+-----+--------+

Top non-repeatable levels by time:
     D:1: 867 daAuts
     D:2: 812 daAuts
     D:3: 238 daAuts
